 Dungeon Crawl Stone Soup version 0.27.1-34-g3ba077fa99 (webtiles) character file.

Game seed: 4912088037099262022

2062 4FPSwarrior the Magician (level 9, -1/50 HPs)
             Began as a Deep Elf Hedge Wizard on Jan 16, 2022.
             Was an Initiate of Fedhas.
             Slain by a hornet (11 damage)
             ... while paralysed by a hornet
             ... on level 10 of the Dungeon.
             The game lasted 00:56:07 (15363 turns).

4FPSwarrior the Magician (Deep Elf Hedge Wizard)   Turns: 15363, Time: 00:56:08

Health: -1/50      AC:  4    Str:  9    XL:     9   Next: 5%
Magic:  1/21       EV:  2    Int: 21    God:    Fedhas [......]
Gold:   308        SH:  0    Dex: 14    Spells: 5/22 levels left

rFire    . . .     SeeInvis .   a - +3 short sword (speed)
rCold    . . .     Faith    .   (no shield)
rNeg     . . .     Spirit   .   b - +0 robe
rPois    .         Reflect  .   c - +0 hat
rElec    .         Harm     .   y - +0 cloak
rCorr    .         Rampage  .   (no gloves)
Will     .....                  B - +0 pair of boots
Stlth    ++........             (no amulet)
HPRegen  0.16/turn              (no ring)
MPRegen  0.17/turn              (no ring)

@: paralysed
A: no striking features
a: Renounce Religion


You were on level 10 of the Dungeon.
You worshipped Fedhas.
Fedhas was noncommittal.
You visited 2 branches of the dungeon, and saw 11 of its levels.
You also visited: Sewer.

You collected 380 gold pieces.
You spent 72 gold pieces at shops.

Inventory:

Hand Weapons
 a - a +3 short sword of speed (weapon)
 E - a +0 dagger of venom
 F - a +0 long sword
 G - a +2 trident
Missiles
 k - a throwing net
Armour
 b - a +0 robe (worn)
 c - a +0 hat (worn)
 i - a +2 kite shield
 y - a +0 cloak (worn)
 B - a +0 pair of boots (worn)
Jewellery
 C - an amulet of faith
Wands
 e - a wand of iceblast (1)
 I - a wand of digging (4)
Scrolls
 l - a scroll of identify {unknown}
 q - a scroll of brand weapon {unknown}
 s - 2 scrolls of fog
 t - a scroll of fear {unknown}
 u - a scroll of enchant armour {unknown}
 w - 2 scrolls of blinking {unknown}
 z - a scroll of enchant weapon
 A - a scroll of noise
Potions
 d - a potion of flight {unknown}
 f - a potion of heal wounds {unknown}
 g - 2 potions of magic {unknown}
 h - a potion of resistance {unknown}
 j - 3 potions of attraction {unknown}
 m - a potion of degeneration {unknown}
 n - 3 potions of curing
 o - a potion of lignification
 p - 6 potions of haste {unknown}
 r - a potion of brilliance {unknown}
 v - a potion of mutation {unknown}
 x - a potion of cancellation {unknown}
 D - a potion of ambrosia
 H - a potion of berserk rage {unknown}


   Skills:
 + Level 3.1 Fighting
 - Level 2.4 Dodging
 - Level 2.4 Stealth
 + Level 1.9 Shields
 + Level 7.1 Spellcasting
 + Level 6.7 Conjurations
 + Level 4.4 Summonings
 - Level 3.4 Translocations
 * Level 0.0 Fire Magic
 - Level 3.0 Air Magic
 * Level 2.5 Earth Magic
 - Level 3.0 Poison Magic
 + Level 2.5 Invocations


You had 5 spell levels left.
You knew the following spells:

 Your Spells              Type           Power      Damage    Failure   Level
a - Magic Dart            Conj           100%       1d8       1%          1
b - Call Imp              Summ           26%        N/A       1%          2
c - Blink                 Tloc           N/A        N/A       3%          2
d - Mephitic Cloud        Conj/Pois/Air  25%        N/A       4%          3
e - Iron Shot             Conj/Erth      13%        9d3       89%         6
f - Conjure Flame         Conj/Fire      21%        6-21      7%          3

Your spell library contained the following spells:

 Spells                   Type           Power      Damage    Failure   Level
 Slow                     Hex            7%         N/A       13%         2
 Animate Armour           Summ/Erth      44%        N/A       21%         4
 Blade Hands              Tmut           3%         N/A       94%         5


Dungeon Overview and Level Annotations

Branches:
Dungeon (10/15)            Temple (1/1) D:6            Lair (0/6) D:8
  Sewer (visited)
    Orc: D:9-12

Altars:
Cheibriados
Dithmenos
Fedhas
Hepliaklqana
Kikubaaqudgha
Makhleb
Nemelex Xobeh
Okawaru
Qazlal
Ru
Uskayaw
Vehumet
Yredelemnul
Zin
The Shining One

Shops:
D:2 !

Annotations:
D:3 2 runed translucent doors, haesbaert's ghost, amateur OpFE
D:5 exclusion: door
D:7 3 runed translucent doors, exclusion: 3 doors, MisterT's ghost, novice HOMo; kalagan's ghost, novice DECj
D:8 exclusion: sky beast
D:9 exclusion: cyclops


Message History

There is a stone staircase leading up here.
Casting: Mephitic Cloud (dangerous; 4% risk of failure)
Confirm with . or Enter, or press ? or * to list all spells.
A shadowy apparition takes form in the air.
You feel sick. The hornet stings you!
* * * LOW HITPOINT WARNING * * *
You feel yourself slow down. The hornet misses you.
Unknown command.
Casting: Call Imp (safe; 1% risk of failure)
Confirm with . or Enter, or press ? or * to list all spells.
A beastly little devil appears in a puff of flame.
You feel yourself speed up.
You feel sick.
The hornet stings you but does no damage.
The hornet barely misses you.
You feel better. The hornet completely misses you.
Your shadow imp barely misses the hornet.
Your crimson imp closely misses the hornet.
Casting: Call Imp (safe; 1% risk of failure)
Confirm with . or Enter, or press ? or * to list all spells.
Aiming: Mephitic Cloud (dangerous; 4% risk of failure)
Press: ? - help, Shift-Dir - straight line The ball explodes into a vile cloud!
The stinking cloud engulfs the hornet but does no damage.
The hornet is engulfed in noxious fumes.
The hornet appears confused.
The hornet closely misses you.
Your shadow imp barely misses the hornet.
The hornet is engulfed in noxious fumes.
The hornet appears confused.
The hornet closely misses you.
Your crimson imp hits the hornet but does no damage.
You hit the hornet but do no damage.
The hornet is lightly wounded.
The hornet is engulfed in noxious fumes.
The hornet appears confused.
The hornet stings you!
* * * LOW HITPOINT WARNING * * *
You suddenly lose the ability to move!
Your shadow imp hits the hornet.
The hornet is engulfed in noxious fumes.
The hornet appears confused.
The hornet stings you!
You die...
Fedhas appreciates your contribution to the ecosystem.

#############........#......#.
#..........##........#......'.
#..........##...............#.
#..........##.....#........)##
............'......+..[......##
............###+##.#........#.#
....##+#........##.###......###
.........)##..55.#.###......# #
#. .......#...@y☼○........... #
. ..............○............ #
###.....#....○○.#...[........
#.....#.......#.>..........
####..........##.......[...
.....#.....##...........
......#.....##...........
.....#.....##...........
#...........


You could see a hornet (confused, ally target), a friendly crimson imp
(summoned) and a friendly shadow imp (summoned).

Vanquished Creatures
  2 orc warriors
  A black bear (D:7)
  An ogre (D:4)
  2 phantoms
  2 bullfrogs
  A wyvern zombie (D:7)
  2 wights (D:7)
  A howler monkey (D:6)
  A bullfrog zombie (D:3)
  A hound (D:6)
  An orc priest (D:4)
  2 jellies (D:7)
  5 orc wizards
  4 adders
  A gnoll (D:1)
  A white imp (D:7)
  A worm (D:2)
  4 dart slugs
  21 orcs
  A bat (D:2)
  3 endoplasms
  3 giant cockroaches
  7 goblins
  9 hobgoblins
  4 quokkas
  8 ball pythons
  8 frilled lizards
  13 kobolds
  10 rats
120 creatures vanquished.

Vanquished Creatures (collateral kills)
  Pikel (D:7)
  2 yaks (D:7)
  An orc warrior (D:5)
  2 ogres (D:6)
  A necrophage (D:6)
  A centaur (D:9)
  A phantom (D:6)
  A kobold brigand (D:7)
  A bullfrog (D:5)
  A scorpion (D:6)
  2 wights (D:7)
  2 hounds
  An orc priest (D:6)
  3 iguanas
  An orc wizard (D:4)
  A hell rat (D:7)
  3 gnolls (D:4)
  A river rat (Sewer)
  2 adders
  A shadow imp (D:7)
  A white imp (D:6)
  An adder skeleton (D:4)
  A worm (D:4)
  10 orcs
  2 jackals (D:5)
  3 kobolds
  A quokka (D:4)
48 creatures vanquished.

Vanquished Creatures (others)
  A plant (D:2)
1 creature vanquished.

Grand Total: 169 creatures vanquished

Notes
Turn   | Place    | Note
-------+----------+-------------------------------------------
     0 | D:1      | 4FPSwarrior the Deep Elf Hedge Wizard began the quest for
                  | the Orb.
     0 | D:1      | Reached XP level 1. HP: 10/10 MP: 7/7
   542 | D:1      | Reached XP level 2. HP: 15/15 MP: 6/9
  1533 | D:1      | Reached XP level 3. HP: 20/20 MP: 4/11
  1536 | D:1      | Learned a level 2 spell: Call Imp
  1539 | D:1      | Learned a level 2 spell: Blink
  1543 | D:1      | Learned a level 3 spell: Mephitic Cloud
  1755 | D:2      | Found Hummauwy's Distillery.
  1948 | D:2      | Bought a potion of curing for 36 gold pieces
  1948 | D:2      | Bought a potion of lignification for 36 gold pieces
  2345 | D:2      | Reached XP level 4. HP: 24/24 MP: 7/12
  2975 | D:3      | Noticed a phantom
  3194 | D:3      | Reached skill level 1 in Fighting
  3261 | D:3      | Reached skill level 1 in Air Magic
  3476 | D:3      | Reached skill level 5 in Spellcasting
  3483 | D:3      | Reached skill level 1 in Poison Magic
  3579 | D:3      | Found a runed translucent door.
  3580 | D:3      | Noticed haesbaert's ghost (amateur OpFE)
  3656 | D:3      | Killed a phantom
  3657 | D:3      | Reached XP level 5. HP: 21/29 MP: 0/14
  3916 | D:3      | Found a runed translucent door.
  4239 | D:4      | Found an iron altar of Okawaru.
  4239 | D:4      | Found a shadowy altar of Dithmenos.
  4239 | D:4      | Found a hide-covered altar of Uskayaw.
  4358 | D:4      | Found a glowing drain.
  4358 | D:4      | Noticed an ogre
  4370 | D:4      | Killed an ogre
  4486 | Sewer    | Entered a sewer
  4527 | Sewer    | Reached XP level 6. HP: 34/34 MP: 11/15
  6301 | D:5      | Entered Level 5 of the Dungeon
  6490 | D:5      | Found Sataav's Jewellery Boutique.
  7003 | D:5      | Noticed an orc warrior
  7400 | D:5      | Identified the +6 battleaxe "Patzios" {spect, *Rage rElec
                  | Str+4 Dex+4}
  7403 | D:5      | Noticed a wyvern
  7491 | D:6      | Noticed a wraith
  7573 | D:6      | Reached XP level 7. HP: 35/39 MP: 9/17
  9203 | D:6      | Reached skill level 6 in Spellcasting
  9266 | D:6      | Reached skill level 5 in Conjurations
  9801 | D:7      | Noticed Pikel
 10083 | D:7      | Found a snail-covered altar of Cheibriados.
 10107 | D:7      | Noticed a steam dragon
 10418 | D:6      | Found a staircase to the Ecumenical Temple.
 10655 | Temple   | Entered the Ecumenical Temple
 10663 | Temple   | Learned a level 6 spell: Iron Shot
 10895 | Temple   | Became a worshipper of Fedhas Madash
 10995 | D:6      | Reached XP level 8. HP: 45/45 MP: 13/19
 11367 | D:7      | Found a runed translucent gate.
 11368 | D:7      | Found a runed translucent gate.
 11368 | D:7      | Found a runed translucent gate.
 11368 | D:7      | Noticed MisterT's ghost (novice HOMo)
 11368 | D:7      | Noticed kalagan's ghost (novice DECj)
 12082 | D:7      | Reached skill level 1 in Invocations
 12226 | D:7      | Reached skill level 1 in Earth Magic
 12578 | D:7      | Killed Pikel
 12579 | D:7      | Reached skill level 1 in Shields
 12963 | D:8      | Found a glowing golden altar of the Shining One.
 13758 | D:8      | Noticed a death yak
 13759 | D:8      | Noticed a death yak
 13761 | D:8      | Found a staircase to the Lair.
 13761 | D:8      | Noticed a death yak
 14215 | D:7      | Reached skill level 7 in Spellcasting
 14734 | D:9      | Found a basalt altar of Yredelemnul.
 14734 | D:9      | Noticed a cyclops
 14749 | D:9      | Noticed a troll
 14782 | D:9      | Reached XP level 9. HP: 21/50 MP: 4/21
 14788 | D:9      | Reached * piety under Fedhas
 14796 | D:10     | Entered Level 10 of the Dungeon
 15033 | D:10     | Noticed a tengu warrior
 15280 | D:10     | Learned a level 3 spell: Conjure Flame
 15296 | D:9      | Noticed a two-headed ogre
 15362 | D:10     | Paralysed by a hornet for 1 turns
 15363 | D:10     | Slain by a hornet

Illustrated notes

Levels and vault maps discovered:
D:1:      nzn_arrival_depleted_hourglass, layout_loops_corners
D:2:      wad_lake_hut, layout_rooms, serial_shops, nicolae_shop_crystal,
          minmay_quantized
D:3:      layout_loops_ring, ebering_ghost_sewer_f
D:4:      layout_loops_ring, chequers_temple_overflow_statue_of_worship,
          cheibrodos_sewer_entry_bend, minmay_pentomino_pile
D:5:      layout_basic, serial_shops, shop
D:6:      layout_basic, minmay_temple_entry_offerings
D:7:      layout_loops_ring, mainiacjoe_overflow_cross_hatched,
          gammafunk_ghost_cemetery, hangedman_abyss_or_decor_lesser_grid,
          uniq_pikel
D:8:      layout_cave_pools, lemuel_crystal_altar,
          mainiacjoe_overflow_tiny_flanked, nicolae_wu_jian_immortal_techniques,
          dpeg_lair_monsters, hangedman_minor_gate_pass
D:9:      layout_cave_pools, overflow_temple_1_default, kennysheep_mini_moat
D:10:     layout_basic, mainiacjoe_overflow_six_doors_small, kennysheep_mini,
          mainiacjoe_overflow_swirl, david_orc_2, lightli_corner_chamber
Temple:   jpeg_temple_island

Skill      XL: |  1  2  3  4  5  6  7  8 |
---------------+-------------------------+-----
Conjurations   | 2 3 4 5 6 |  6.7
Fighting       | 1 2 3 |  3.1
Summonings     | 2 3 4 |  4.4
Translocations | 2 3 |  3.4
Air Magic      | 1 2 3 |  3.0
Spellcasting   | 5 6 7 |  7.1
Poison Magic   | 1 2 3 |  3.0
Invocations    | 2 |  2.5
Earth Magic    | 2 |  2.5
Shields        | 1 |  1.9
Dodging        | |  2.4
Stealth        | |  2.4

Action                   |  1- 3 |  4- 6 |  7- 9 || total
-------------------------+-------+-------+-------++-------
Melee: Dagger            |       |     1 |     3 ||     4
       Short sword       |       |       |    26 ||    26
 Cast: Magic Dart        |   100 |   166 |   138 ||   404
       Call Imp          |     4 |    60 |   195 ||   259
       Blink             |       |     1 |     5 ||     6
       Mephitic Cloud    |       |       |     5 ||     5
Evoke: Wand              |       |       |     3 ||     3
  Use: Scroll            |       |     6 |     5 ||    11
       Potion            |       |       |     4 ||     4
 Stab: Invisible         |       |       |     3 ||     3
       Sleeping          |       |       |     1 ||     1
Armor: Robe              |     2 |     6 |    20 ||    28
Dodge: Dodged            |     8 |    32 |    94 ||   134
